cohdb
Replays
Latest Replays
All Replays
Popular Replays
Top Player Replays
Match Explorer
How It Works
Community
CoH3 Stats
Reddit
Sign in to upload your games and track your stats! →
Sign in with Steam
Match 46628180
Unlisted
Match 46628180
Overview
Messages
Build Orders
End
Selects Heavy Weapons
Construct Barracks
Riflemen Squad
Riflemen Squad
1⁄4-ton 4x4 Truck
Riflemen Squad
Mechanized Support Center
Selects M2HB .50cal Heavy Machine Gun
M1918 Browning Automatic Rifles
Selects Assault Carriers
Grenade Package
Construct Medical Station
Construct Motor Pool
Engineer Squad
Designate Forward Repair Station
Selects Exchangeable Parts
M3 75 mm Gun Motor Carriage
M3 75 mm Gun Motor Carriage
M3 75 mm Gun Motor Carriage
Riflemen Squad
Riflemen Squad
Riflemen Squad
Designate Forward Repair Station
Dark Knight
∞ | Darjeeling
Sherlockgam3r
∞ | Mèo Múp
MG42
....
小鱼 @
Decoy
0
0
Comments
sign in to comment!
No comments posted yet!